 Dungeon Crawl Stone Soup version 0.29.1-1-gd02db6906a (webtiles) character file.

Game seed: 15942149419819199383

51 safid the Shooter (level 3, -4/31 HPs)
             Began as a Minotaur Hunter on Sept 15, 2022.
             Slain by a gnoll
             ... wielding a +0 halberd
              (16 damage)
             ... on level 2 of the Dungeon.
             The game lasted 00:01:17 (766 turns).

safid the Shooter (Minotaur Hunter)                  Turns: 766, Time: 00:01:18

Health: -4/31      AC:  3    Str: 15    XL:     3   Next: 57%
Magic:  2/2        EV: 12    Int:  6    God:
Gold:   81         SH:  0    Dex: 15    Spells: 2/2 levels left

rFire   . . .      SeeInvis .   a - +0 shortbow
rCold   . . .      Faith    .   (shield currently unavailable)
rNeg    . . .      Spirit   .   c - +0 leather armour
rPois   .          Reflect  .   (helmet restricted)
rElec   .          Harm     .   (no cloak)
rCorr   .          Rampage  .   (no gloves)
Will    .....                   (no boots)
Stlth   +.........              (no amulet)
HPRegen 0.10/turn               (no ring)
MPRegen 0.08/turn               (no ring)

@: no status effects
A: horns 2, retaliatory headbutt
a: no special abilities


You were on level 2 of the Dungeon.
You visited 1 branch of the dungeon, and saw 2 of its levels.

You collected 81 gold pieces.

Inventory:

Hand Weapons
 a - a +0 shortbow (weapon)
Armour
 c - a +0 leather armour (worn)
Scrolls
 b - a scroll of immolation
 e - 2 scrolls of identify {unknown}
Potions
 d - a potion of attraction {unknown}


   Skills:
 + Level 3.4 Fighting
 + Level 5.0 Ranged Weapons
 - Level 3.0 Dodging
 - Level 0.7 Stealth


You had 2 spell levels left.
You didn't know any spells.
Your spell library was empty.

Dungeon Overview and Level Annotations

Branches:
Dungeon (2/15)

Altars:

Shops:
D:1 :


Innate Abilities, Weirdness & Mutations

You have a pair of horns on your head.
You reflexively headbutt those who attack you in melee.


Message History

Training target 3.0 for Dodging reached!
Your Dodging skill increases to level 3!
No target in view!
No target in view!
HP restored.
A hobgoblin comes into view.
You shoot an arrow. The arrow hits the hobgoblin!
You kill the hobgoblin!
No target in view!
No target in view!
No target in view!
You now have 81 gold pieces (gained 9).
Found a leather armour and a war axe. 3 gnolls come into view.
You shoot an arrow. The arrow hits the gnoll.
The gnoll shouts!
The gnoll is lightly wounded.
You hear a shout!
A gnoll comes into view. It is wielding a +0 halberd.
You shoot an arrow.
The arrow hits the gnoll but does no damage.
You shoot an arrow. The arrow hits the gnoll!
The gnoll is severely wounded.
You shoot an arrow. The arrow hits the gnoll!
You kill the gnoll!
Your Ranged Weapons skill increases to level 5!
You shoot an arrow. The arrow hits the gnoll.
The gnoll is moderately wounded.
You shoot an arrow. The arrow closely misses the gnoll.
The gnoll misses you.
You shoot an arrow. The arrow hits the gnoll.
The gnoll is heavily wounded.
The gnoll hits you with a +0 flail.
The gnoll hits you from afar with a +0 halberd.
You shoot an arrow. The arrow hits the gnoll.
The gnoll is severely wounded.
The gnoll hits you with a +0 flail!
The gnoll hits you from afar with a +0 halberd.
The gnoll hits you from afar with a +0 halberd!
Ouch! That really hurt!
You die...

#......†...#
#........[.#
#######..........#
#..................
#[.................
#)...............##
#.................#
#.................#
#.@...†..######+#.#
#g######## .# #g #g
#. .. .# .


You could see 3 gnolls.

Vanquished Creatures
  A gnoll (D:2)
  A worm (D:2)
  5 ball pythons
  2 bats
  An endoplasm (D:1)
  2 giant cockroaches (D:1)
  3 goblins (D:1)
  5 hobgoblins
  4 jackals (D:1)
  A quokka (D:1)
  A frilled lizard (D:1)
  4 kobolds
  5 rats (D:1)
35 creatures vanquished.

Notes
Turn   | Place    | Note
-------+----------+-------------------------------------------
     0 | D:1      | safid the Minotaur Hunter began the quest for the Orb.
     0 | D:1      | Reached XP level 1. HP: 18/18 MP: 0/0
    66 | D:1      | Reached XP level 2. HP: 25/25 MP: 1/1
   214 | D:1      | Found a faded altar of an unknown god.
   506 | D:1      | Found Picies's Vocational Training.
   515 | D:1      | Reached XP level 3. HP: 28/31 MP: 2/2
   763 | D:2      | Reached skill level 5 in Ranged Weapons
   766 | D:2      | Slain by a gnoll

Illustrated notes

Levels and vault maps discovered:
D:1:      eino_arrival_druids_welcome, layout_loops_cross,
          shapermc_ecumenical_altar_mp_urbaneastern, serial_park_tiny_1,
          nicolae_shop_vocational
D:2:      layout_basic, minmay_misc_feat_doors, grunt_ministairs_14

Skill      XL: |  1  2  3 |
---------------+----------+-----
Fighting       | 3 |  3.4
Dodging        | 3 |  3.0
Ranged Weapons | 5 |  5.0
Stealth        | |  0.7

Action                   || total
-------------------------++-------
 Fire: Shortbow          ||    77
Armor: Leather armour    ||     5
Dodge: Dodged            ||    20
